 Dungeon Crawl Stone Soup version 0.21-a0-243-g597973d (webtiles) character file.

29080 funhouse the Destroyer (level 13, -5/118 HPs)
             Began as a Naga Venom Mage on Sept 4, 2017.
             Was a High Priest of Sif Muna.
             Slain by a fire crab (14 damage)
             ... on level 6 of the Lair of Beasts.
             The game lasted 01:02:37 (17630 turns).

funhouse the Destroyer (Naga Venom Mage)           Turns: 17630, Time: 01:02:38

Health: -5/118     AC: 18    Str: 11    XL:     13   Next: 43%
Magic:  26/28      EV:  7    Int: 25    God:    Sif Muna [*****.]
Gold:   721        SH:  5    Dex: 12    Spells: 2/35 levels left

rFire    . . .     SeeInvis +   x - +2 dagger (elec)
rCold    + + .     Gourm    .   i - +2 buckler {rC+}
rNeg     . . .     Faith    .   O - +1 robe {Archmagi}
rPois    +         Spirit   .   J - +1 hat
rElec    .         Reflect  .   (no cloak)
rCorr    .         Harm     .   (no gloves)
MR       +....                  q - +2 naga barding {rC+}
Stlth    +++.......             n - amulet of regeneration
HPRegen  0.69/turn              j - +5 ring of protection
MPRegen  0.21/turn              d - +5 ring of intelligence

@: very slow
A: see invisible, deformed body, poison resistance, slowness 2, slow metabolism
1, spit poison 1, constrict 1, AC +4
a: Spit Poison, Divine Energy, Channel Magic, Forget Spell, Renounce Religion


You were on level 6 of the Lair of Beasts.
You worshipped Sif Muna.
Sif Muna was extremely pleased with you.
You were not hungry.

You visited 2 branches of the dungeon, and saw 14 of its levels.
You also visited: Ice Cave.

You collected 721 gold pieces.

Inventory:

Hand Weapons
 e - a +3 vampiric demon whip
 k - a +1 short sword of electrocution
 x - a +2 dagger of electrocution (weapon)
Missiles
 E - 8 javelins (quivered)
Armour
 a - a +0 robe
 i - a +2 buckler of cold resistance (worn)
 q - a +2 naga barding of cold resistance (worn)
 B - +0 steam dragon scales
 J - a +1 hat (worn)
 O - a +1 robe of the Archmagi (worn)
 T - the +0 leather armour of Noon {Dex+6 Slay+3}
   (You found it on level 8 of the Dungeon)

   It affects your dexterity (+6).
   It affects your accuracy and damage with ranged weapons and melee attacks
   (+3).
Magical Staves
 g - an uncursed staff of wizardry
Jewellery
 d - a +5 ring of intelligence (right hand)
 j - a +5 ring of protection (left hand)
 n - an amulet of regeneration (around neck)
 w - a +5 ring of dexterity
 F - a +4 ring of protection
 H - an uncursed ring of ice
 V - an uncursed ring of poison resistance
Wands
 h - a wand of lightning (2/15)
 o - a wand of clouds (4/9)
 y - a wand of acid (10/15)
 M - a wand of polymorph (7/24)
 P - a wand of iceblast (4/15)
 Q - a wand of polymorph (3/24)
 S - a wand of lightning (2/15)
 Z - a wand of acid (5/15)
Scrolls
 s - 6 scrolls of remove curse
 C - 4 scrolls of magic mapping
 D - 3 scrolls of enchant weapon
Potions
 b - 2 potions of might {unknown}
 l - 2 potions of mutation {unknown}
 t - 2 potions of agility {unknown}
 u - 4 potions of brilliance
 L - a potion of resistance {unknown}
 N - a potion of flight
 W - 2 potions of lignification {unknown}
 Y - 2 potions of invisibility {unknown}
Books
 p - the Papyrus of Clay and Feathers
   (You found it in an ice cave)

   Spells                             Type                      Level
   a - Swiftness                      Charms/Air                   2
   b - Passwall                       Transmutation/Earth          2
   c - Bolt of Magma                  Conjuration/Fire/Earth       5
   d - Silence                        Hexes/Air                    5
   e - Statue Form                    Transmutation/Earth          6
 v - a book of Party Tricks

   Spells                             Type                      Level
   a - Summon Butterflies             Summoning                    1
   b - Apportation                    Translocation                1
   c - Lesser Beckoning               Translocation                3
   d - Tukima's Dance                 Hexes                        3
   e - Alistair's Intoxication        Transmutation/Poison         5
   f - Invisibility                   Hexes                        6
 K - a book of Fire

   Spells                             Type                      Level
   a - Ignite Poison                  Fire/Transmutation/Poison    3
   b - Fireball                       Conjuration/Fire             5
   c - Bolt of Fire                   Conjuration/Fire             6
   d - Ring of Flames                 Charms/Fire                  7
   e - Ignition                       Fire                         8
Miscellaneous
 A - a fan of gales
Comestibles
 c - 4 bread rations
 m - 4 meat rations
 z - 2 fruits
 G - 9 royal jellies


   Skills:
 + Level 8.3 Fighting
 - Level 4.1 Short Blades
 - Level 1.5 Dodging
 - Level 5.0 Stealth
 * Level 11.7 Spellcasting
 * Level 12.7 Conjurations
 - Level 3.0 Charms
 - Level 5.3 Fire Magic
 - Level 8.0 Poison Magic
 + Level 4.9 Invocations


You had 2 spell levels left.
You knew the following spells:

 Your Spells              Type           Power        Failure   Level  Hunger
a - Fireball              Conj/Fire      ######....   4%          5    ###....
b - Poisonous Vapours     Pois/Air       ######       1%          2    None
c - Mephitic Cloud        Conj/Pois/Air  ######..     1%          3    None
d - Olgreb's Toxic Radia  Pois           ######..     2%          4    None
e - Venom Bolt            Conj/Pois      #######...   2%          5    ###....
f - Sticky Flame          Conj/Fire      ######..     1%          4    None
g - Conjure Flame         Conj/Fire      ######..     1%          3    None
h - Iskenderun's Mystic   Conj           #######.     1%          4    None
i - Regeneration          Chrm/Necr      ####......   11%         3    None


Dungeon Overview and Level Annotations

Branches:
Dungeon (9/15)             Temple (0/1) D:4            Lair (4/6) D:9
  Swamp (0/4) Lair:4        Snake (0/4) Lair:4
    Orc: D:9-12

Altars:
Ashenzari
Dithmenos
Fedhas
Nemelex Xobeh
Okawaru
Qazlal
Ru
Sif Muna
Xom
Yredelemnul
The Shining One

Annotations:
D:4 exclusion: oklob plant
D:5 2 runed doors
D:6 1 runed door
Lair:2 exclusion: 2 oklob plants


Innate Abilities, Weirdness & Mutations

You cannot wear boots.
Your serpentine skin is tough. (AC +4)
You have supernaturally acute eyesight. (SInv)
Armour fits poorly on your strangely shaped body.
Your system is resistant to poisons. (rPois)
You cover ground very slowly.
You have a slow metabolism.
You can spit poison.
You can use your snake-like lower body to constrict enemies.


Message History

Unknown command.
Press: ? - help, v - describe, . - travel, g - get item
Here: a komodo dragon (flame, severely wounded)
A spiny frog corpse.
The floor.
Unknown command.
Unknown command.
You feel better. The fire crab bites you!
* * * LOW HITPOINT WARNING * * *
You are engulfed in flames!
* * * LOW HITPOINT WARNING * * *
The fire crab completely misses you.
The komodo dragon is engulfed in blazing flames.
The komodo dragon bites you but does no damage.
You feel better.
The fire crab bites you but does no damage.
The fire crab claws you.
* * * LOW HITPOINT WARNING * * *
You are engulfed in flames!
You die...

*,*,**,*,,,, ***,,,,**,,,,,
*,,,,,,,,,,,,, **,,,,,,,,,*,,,
*,,,,,,,,,*,*,* *,,,*,*,,******
**,******** * ###,,*****,****
###@##,,*,*,,,*,*** ** *#**
######.l§t#,,,,,,,,,,,,**
,***..###.#.#.§§.##,,,,,,,,,,,,,*
*,,,.........§§§§#**,*,,,,*,*,,,,
,,,,*......PF§.§§# ****,**,*,**,,
*,,**#.#P..#.....# *********,,
,,,**,#..........# ****,*,,,*,,
,,,,,,#..........#****,,,*,,,,,,,
,,,,,,#........#..P#,,,,,,,,,,,,*


You could see a fire crab, a komodo dragon and a blink frog.

Vanquished Creatures
  A reaper (IceCv)
  3 two-headed ogres (D:8)
  The ghost of tidbits the Martial Artist, a novice DgTm (D:8)
  A cyclops (D:9)
  2 centaur zombies (D:7)
  Psyche (D:8)
  2 ice statues (IceCv)
  11 spiny frogs
  2 komodo dragons
  2 rime drakes (Lair:4)
  10 ice devils (IceCv)
  2 hornets
  15 blink frogs
  6 hippogriffs
  3 wyverns (Lair:2)
  22 yaks
  A basilisk (Lair:2)
  A human (D:8)
  4 hogs (D:8)
  A steam dragon (Lair:2)
  A hungry ghost (D:8)
  9 water moccasins
  6 porcupines
  2 black bears
  3 sky beasts
  4 phantoms
  2 ice beasts
  2 orc warriors (D:6)
  11 wolves
  7 ogres
  6 centaurs
  6 crocodiles
  12 bullfrogs
  2 scorpions
  A jelly (D:8)
  4 wights (D:6)
  25 killer bees
  A howler monkey (D:5)
  A crimson imp (D:5)
  A quasit (D:8)
  A bullfrog zombie (D:7)
  6 hounds
  7 orc wizards
  2 orc priests
  A centaur skeleton (D:5)
  A gnoll shaman (D:5)
  4 iguanas
  7 worker ants
  2 hound skeletons
  10 gnolls
  13 adders
  9 white imps (IceCv)
  5 ufetubi (IceCv)
  2 oozes (D:4)
  3 adder skeletons
  4 worms
  5 dart slugs
  5 leopard geckos
  38 orcs
  4 bats (D:2)
  8 giant cockroaches
  6 goblins
  5 hobgoblins
  19 jackals
  4 kobolds
  3 quokkas
  A ball python skeleton (D:4)
  6 frilled lizards
  A jackal zombie (D:6)
  A kobold skeleton (D:6)
  13 rats
393 creatures vanquished.

Vanquished Creatures (others)
  2 white imps (IceCv)
  5 ufetubi (IceCv)
  4 fungi
  4 plants
15 creatures vanquished.

Grand Total: 408 creatures vanquished

Notes
Turn   | Place    | Note
-------+----------+-------------------------------------------
     0 | D:1      | funhouse the Naga Venom Mage began the quest for the Orb.
     0 | D:1      | Reached XP level 1. HP: 15/15 MP: 3/3
   408 | D:1      | Reached XP level 2. HP: 14/22 MP: 1/5
   514 | D:1      | Learned a level 2 spell: Poisonous Vapours
   879 | D:1      | Reached XP level 3. HP: 28/28 MP: 1/6
   940 | D:1      | Found a sparkling altar of Nemelex Xobeh.
  1249 | D:2      | Found a shimmering altar of Xom.
  1387 | D:2      | Found a shattered altar of Ashenzari.
  1516 | D:2      | Learned a level 3 spell: Mephitic Cloud
  1626 | D:2      | Reached skill level 2 in Conjurations
  1711 | D:2      | Reached XP level 4. HP: 9/36 MP: 3/8
  2130 | D:2      | Found a deep blue altar of Sif Muna.
  2133 | D:2      | Became a worshipper of Sif Muna the Loreminder
  2320 | D:3      | Found a shadowy altar of Dithmenos.
  2612 | D:3      | Noticed a centaur
  2624 | D:3      | Killed a centaur
  2624 | D:3      | Reached skill level 5 in Poison Magic
  2624 | D:3      | Reached XP level 5. HP: 36/42 MP: 1/9
  3104 | D:3      | Reached skill level 5 in Stealth
  3282 | D:3      | Learned a level 4 spell: Olgreb's Toxic Radiance
  3344 | D:4      | Found a staircase to the Ecumenical Temple.
  3524 | D:4      | Reached XP level 6. HP: 23/49 MP: 4/11
  3525 | D:4      | Reached skill level 3 in Conjurations
  3532 | D:4      | Reached skill level 1 in Short Blades
  3906 | D:4      | Noticed a sky beast
  3918 | D:4      | Killed a sky beast
  3918 | D:4      | Reached * piety under Sif Muna
  3918 | D:4      | Reached XP level 7. HP: 49/55 MP: 2/12
  4298 | D:4      | Found a blossoming altar of Fedhas.
  4321 | D:4      | Noticed an oklob plant
  4605 | D:5      | Entered Level 5 of the Dungeon
  4663 | D:5      | Found a large runed door.
  4663 | D:5      | Found a large runed door.
  4706 | D:5      | Reached skill level 4 in Conjurations
  4961 | D:5      | Reached XP level 8. HP: 60/62 MP: 7/14
  5719 | D:5      | Found a large runed door.
  5719 | D:5      | Found a large runed door.
  5743 | D:5      | Reached ** piety under Sif Muna
  5747 | D:5      | Reached skill level 5 in Conjurations
  5790 | D:5      | Reached skill level 5 in Spellcasting
  6101 | D:5      | Learned a level 5 spell: Venom Bolt
  6456 | D:6      | Reached XP level 9. HP: 64/69 MP: 7/17
  6469 | D:6      | Learned a level 4 spell: Sticky Flame
  6486 | D:6      | Reached skill level 1 in Fighting
  6494 | D:6      | Found a runed door.
  6497 | D:6      | Found a basalt altar of Yredelemnul.
  6688 | D:6      | Reached skill level 6 in Conjurations
  6740 | D:6      | Reached skill level 1 in Fire Magic
  7361 | D:6      | Reached *** piety under Sif Muna
  7803 | D:7      | Reached skill level 7 in Conjurations
  8160 | D:7      | Reached XP level 10. HP: 84/84 MP: 20/20
  8195 | D:7      | Reached **** piety under Sif Muna
  8457 | D:7      | Found a stormy altar of Qazlal.
  8802 | D:8      | Learned a level 3 spell: Conjure Flame
  8814 | D:8      | Found a glowing golden altar of the Shining One.
  8820 | D:8      | Noticed Psyche
  8825 | D:8      | Noticed tidbits's ghost (novice DgTm)
  8832 | D:8      | Reached skill level 8 in Conjurations
  8869 | D:8      | Killed tidbits's ghost
  8913 | D:8      | Killed Psyche
  9225 | D:8      | Noticed a two-headed ogre
  9238 | D:8      | Killed a two-headed ogre
  9315 | D:8      | Reached ***** piety under Sif Muna
  9315 | D:8      | Received a gift from Sif Muna
  9325 | D:8      | Noticed a two-headed ogre
  9328 | D:8      | Killed a two-headed ogre
  9328 | D:8      | Reached skill level 9 in Conjurations
  9328 | D:8      | Reached XP level 11. HP: 93/93 MP: 8/23
  9684 | D:8      | Got a jewelled leather armour
  9686 | D:8      | Identified the +0 leather armour of Noon {Dex+6 Slay+3} (You found it on level 8 of the Dungeon)
  9932 | D:8      | Noticed a two-headed ogre
  9939 | D:8      | Killed a two-headed ogre
  9939 | D:8      | Reached skill level 5 in Fighting
 10101 | D:8      | Reached skill level 5 in Fire Magic
 10636 | D:8      | Found an iron altar of Okawaru.
 10827 | D:9      | Reached skill level 10 in Conjurations
 10861 | D:9      | Noticed a cyclops
 11082 | D:9      | Learned a level 4 spell: Iskenderun's Mystic Blast
 11107 | D:9      | Found a sacrificial altar of Ru.
 11165 | D:9      | Killed a cyclops
 11377 | D:9      | Found a staircase to the Lair.
 11599 | Lair:1   | Entered Level 1 of the Lair of Beasts
 12169 | Lair:1   | Learned a level 3 spell: Regeneration
 12609 | Lair:1   | Reached skill level 1 in Charms
 13415 | Lair:2   | Reached skill level 10 in Spellcasting
 13415 | Lair:2   | Reached XP level 12. HP: 82/105 MP: 8/26
 13517 | Lair:2   | Identified Sif Muna's Papyrus of Confrontation (Sif Muna gifted it to you on level 2 of the Lair of Beasts)
 13517 | Lair:2   | Received a gift from Sif Muna
 13530 | Lair:2   | Reached skill level 11 in Conjurations
 14107 | Lair:2   | Reached skill level 1 in Invocations
 15415 | Lair:3   | Reached skill level 12 in Conjurations
 15705 | Lair:2   | Learned a level 5 spell: Fireball
 15770 | Lair:4   | Found a staircase to the Snake Pit.
 15798 | Lair:4   | Found a frozen archway.
 15847 | IceCv    | Entered an ice cave
 15922 | IceCv    | Gained mutation: You can use your snake-like lower body to constrict enemies. [Naga growth]
 15922 | IceCv    | Reached XP level 13. HP: 75/115 MP: 22/28
 16021 | IceCv    | Got a pair of heavily runed boots
 16298 | IceCv    | Noticed a reaper
 16898 | IceCv    | Killed a reaper
 16913 | IceCv    | Identified the Papyrus of Clay and Feathers
 17494 | Lair:4   | Received a gift from Sif Muna
 17574 | Lair:4   | You fall through a shaft for 2 floors!
 17574 | Lair:6   | Entered Level 6 of the Lair of Beasts
 17629 | Lair:6   | HP: 3/118 [fire crab (13)]
 17630 | Lair:6   | Slain by a fire crab

Vault maps used:
D:1:      matt_arrival_diagonals, nemelex_diamond_rough_becter
D:2:      nicolae_overflow_hidden_temple, lemuel_blue_sif_altar,
          ashenzari_altar_1
D:3:      first_bread, nicolae_dithmenos_shadow_blocks
D:4:      minmay_temple_entry_large_hall, tgw_fedhas
D:5:      corner_web_ring, minmay_hollow_rounded_squares
D:6:      eino_small_chamber_without_monster, dk_noncrumbling_2,
          dk_yredelemnul_ordeal
D:7:      basic_altar
D:8:      old_standard_altar, marbit_many_paths, grunt_livestock, uniq_psyche
D:9:      nicolae_ru_path_of_blood, lair_entry_dummy, serial_glass,
          glass_columns_a, glass_columns_a
Lair:1:   serial_bayou_shore_a
Lair:2:   regret_index_harrowing_hell_hive
Lair:3:   uniq_fannar, uniq_urug
Lair:4:   minmay_swamp_entry_worms, dummy_snake_entry, special_room,
          portal_ice_cave_rime, infiniplex_staircase_pool_2
Lair:6:   wormcave, hangedman_lair_caniforms_friends, uniq_rupert
IceCv:    ice_cave_small_demon

Skill      XL: |  1  2  3  4  5  6  7  8  9 10 11 12 13 |
---------------+----------------------------------------+-----
Conjurations   | 2 3 4 5 7 9 10 12 | 12.7
Stealth        | 4 5 |  5.0
Spellcasting   | 3 4 5 7 8 10 11 | 11.7
Poison Magic   | 5 6 8 |  8.0
Short Blades   | 1 2 4 |  4.1
Fighting       | 3 4 6 7 8 |  8.3
Fire Magic     | 2 4 5 |  5.3
Charms         | 2 3 |  3.0
Invocations    | 3 4 |  4.9
Dodging        | |  1.5

Action                   |  1- 3 |  4- 6 |  7- 9 | 10-12 | 13-15 || total
-------------------------+-------+-------+-------+-------+-------++-------
Melee: Unarmed           |     5 |       |       |       |       ||     5
       Dagger            |    29 |    61 |   174 |   364 |    72 ||   700
       Short sword       |       |    14 |       |       |       ||    14
       Staff             |       |       |       |     3 |       ||     3
       Constrict         |       |       |       |       |    19 ||    19
Throw: Stone             |       |       |     1 |       |       ||     1
 Cast: Sting             |    60 |    51 |    32 |    49 |       ||   192
       Poisonous Vapours |     2 |    16 |    71 |    66 |       ||   155
       Olgreb's Toxic Ra |       |       |    14 |    48 |     6 ||    68
       Sticky Flame      |       |       |     4 |    43 |    19 ||    66
       Venom Bolt        |       |       |     1 |    27 |     2 ||    30
       Conjure Flame     |       |       |       |     2 |       ||     2
       Iskenderun's Myst |       |       |       |    12 |     4 ||    16
       Regeneration      |       |       |       |     2 |     8 ||    10
       Fireball          |       |       |       |     1 |     7 ||     8
Invok: Forget Spell      |       |       |       |     1 |       ||     1
       Divine Energy     |       |       |       |       |     1 ||     1
       Stop Divine Energ |       |       |       |       |     1 ||     1
 Abil: Spit Poison       |    15 |    11 |    15 |    18 |       ||    59
Evoke: Wand              |       |       |     1 |       |     2 ||     3
  Use: Scroll            |       |     6 |     2 |    14 |     5 ||    27
       Potion            |       |       |     1 |     5 |    10 ||    16
 Stab: Sleeping          |     3 |     3 |     6 |       |       ||    12
  Eat: Chunk             |     3 |     7 |    14 |    12 |     1 ||    37
       Fruit             |       |       |     1 |     1 |     1 ||     3
       Bread ration      |       |       |       |     2 |     1 ||     3
       Meat ration       |       |       |       |     1 |       ||     1
       Royal jelly       |       |       |       |     2 |       ||     2
Armor: Robe              |    20 |    74 |    81 |   212 |    40 ||   427
Dodge: Dodged            |    27 |    96 |    81 |   233 |    35 ||   472
Block: Buckler           |       |       |       |       |    22 ||    22

Table legend:
 A = Spawn XP
 B = Non-spawn XP
 C = Spawn XP percentage of total XP
 D = Spawn monster count
 E = Non-spawn monster count
 F = Spawn count percentage of total count
 G = Total turns spent on level
                    A         B        C        D         E        F      G
               +---------+---------+-------+---------+---------+-------+---------
         Total |    4690 |   36853 |  11.3 |      63 |     330 |  16.0 | 17630
               +---------+---------+-------+---------+---------+-------+---------
           D:1 |       4 |      41 |   8.9 |       2 |      21 |   8.7 |  1249
           D:2 |       6 |      45 |  11.8 |       2 |      15 |  11.8 |   941
           D:3 |      16 |     147 |   9.8 |       4 |      20 |  16.7 |  1134
           D:4 |      71 |     416 |  14.6 |       5 |      20 |  20.0 |  1281
           D:5 |     258 |    1158 |  18.2 |       9 |      31 |  22.5 |  1786
           D:6 |     124 |    1144 |   9.8 |       3 |      24 |  11.1 |  1239
           D:7 |      46 |    1834 |   2.4 |       1 |      31 |   3.1 |  1097
           D:8 |     683 |    6302 |   9.8 |      13 |      32 |  28.9 |  2198
           D:9 |     528 |    1073 |  33.0 |       4 |      11 |  26.7 |   674
        Lair:1 |     568 |    2465 |  18.7 |       6 |      11 |  35.3 |  1548
        Lair:2 |    2139 |   10483 |  16.9 |      12 |      60 |  16.7 |  2290
        Lair:3 |     100 |    1186 |   7.8 |       1 |       8 |  11.1 |   309
        Lair:4 |     147 |    3004 |   4.7 |       1 |      12 |   7.7 |   571
        Lair:6 |       0 |    1804 |   0.0 |       0 |       7 |   0.0 |    56
         IceCv |       0 |    5751 |   0.0 |       0 |      27 |   0.0 |  1257
               +---------+---------+-------+---------+---------+-------+---------
